 Dungeon Crawl Stone Soup version 0.32-a0-876-gcfddb08e57 (webtiles) character file.

Game seed: 6491308031734549074

525 Armakuni the Prestidigitator (level 7, -3/48 HPs)
             Began as a Human Artificer on Apr 1, 2024.
             Was an Initiate of Gozag.
             Killed by divine providence
             ... invoked by an orc priest
              (12 damage)
             ... on level 4 of the Dungeon.
             The game lasted 00:12:26 (3260 turns).

Armakuni the Prestidigitator (Human Artificer)      Turns: 3260, Time: 00:12:27

Health: -3/48      AC:  3    Str: 14    XL:     7   Next: 23%
Magic:  7/7        EV: 10    Int: 11    God:    Gozag
Gold:   386        SH:  0    Dex: 14    Spells: 6/6 levels left

rFire   . . .        b - +2 glaive "Armakuni's Death" {pain, rPois rCorr}
rCold   + . .        (shield currently unavailable)
rNeg    . . .        q - +0 leather armour
rPois   +            (no helmet)
rElec   .            (no cloak)
rCorr   +            (no gloves)
SInv    .            (no boots)
Will    .....        (no amulet)
Stlth   +            J - ring of protection from cold
HPRegen 0.28/turn    (no ring)
MPRegen 0.10/turn

%: no passive effects
@: no status effects
A: explore regen
a: Renounce Religion, Potion Petition, Call Merchant, Bribe Branch


You were on level 4 of the Dungeon.
You worshipped Gozag.
Gozag was aware of your devotion.
You visited 1 branch of the dungeon, and saw 4 of its levels.
You also visited: Sewer.

You collected 425 gold pieces.
You paid 39 gold pieces to Gozag.

Inventory:

Hand Weapons
 a - a +0 flail
 b - the +2 glaive "Armakuni's Death" (weapon) {pain, rPois rCorr}
   (You found it on level 3 of the Dungeon)

   rPois:     It protects you from poison.
   rCorr:     It protects you from acid and corrosion.
Missiles
 f - 2 throwing nets
Armour
 e - a +0 ring mail
 g - a +1 plate armour
 q - a +0 leather armour (worn)
Jewellery
 r - a ring of ice
 t - a +6 ring of strength
 v - a ring of flight
 J - a ring of protection from cold (left hand)
Wands
 c - a wand of charming (10)
 j - a wand of iceblast (3)
 s - a wand of quicksilver (4)
Scrolls
 i - 2 scrolls of teleportation
 m - 3 scrolls of revelation
 o - 3 scrolls of enchant armour
 u - a scroll of immolation {unknown}
Potions
 d - a potion of might
 h - 4 potions of heal wounds
 k - 2 potions of invisibility {unknown}
 l - 2 potions of curing
 n - 2 potions of haste {unknown}
 p - a potion of magic {unknown}


   Skills:
 - Level 1.0 Fighting
 - Level 2.0 Armour
 - Level 1.0 Dodging
 - Level 1.0 Stealth
 + Level 8.1 Evocations


You had 6 spell levels left.
You didn't know any spells.
Your spell library contained the following spells:

 Spells                   Type           Power      Damage    Failure   Level
 Freeze                   Ice            0%         1d3       41%         1
 Ensorcelled Hibernation  Hex/Ice        0%         N/A       54%         2
 Frozen Ramparts          Ice            0%         1d1       78%         3
 Hailstorm                Conj/Ice       0%         3d5       78%         3
 Passwall                 Erth           0%         N/A       78%         3
 Swiftness                Air            0%         N/A       78%         3
 Leda's Liquefaction      Alch/Erth      0%         N/A       99%         4
 Lee's Rapid Deconstruct  Erth           0%         3d4*      100%        5
 Permafrost Eruption      Ice/Erth       0%         2x4d1     100%        6


Dungeon Overview and Level Annotations

Branches:
Dungeon (4/15)              Sewer (visited)
 Temple: D:4-7

Altars:
Gozag
Zin

Shops:
D:4 (


Innate Abilities, Weirdness & Mutations

You regain HP and MP as you explore.


Message History

The orc is distracted by your dazzling golden aura.
The orc priest calls down the wrath of Beogh upon you.
You struggle to resist.
The orc shouts!
You hit the orc priest.
The orc priest is lightly wounded.
The orc is no longer distracted by gold.
The orc priest hits you with a +0 flail!
The orc priest barely misses you.
You closely miss the orc priest.
The orc priest is lightly wounded.
The orc priest closely misses you.
You barely miss the orc priest.
The orc priest is lightly wounded.
The orc priest hits you with a +0 flail. x2
You hit the orc priest.
The orc priest is moderately wounded.
The orc priest misses you.
The orc priest looks encouraged for a moment.
You barely miss the orc priest.
The orc priest is moderately wounded.
The orc priest hits you with a +0 flail.
You barely miss the orc priest.
The orc priest is moderately wounded.
The orc priest hits you with a +0 flail.
The orc priest hits you but does no damage.
You closely miss the orc priest.
The orc priest is moderately wounded.
The orc priest hits you with a +0 flail.
The orc priest hits you with a +0 flail!
* * * LOW HITPOINT WARNING * * *
You slash the orc priest!
The orc priest is almost dead.
The orc priest barely misses you. x2
You barely miss the orc priest.
The orc priest is almost dead.
The orc priest invokes the aid of Beogh against you.
Beogh smites you!
You die...
Your body crumbles into a pile of gold.

##.g.##.## #..
#........ #..
.g.....## ..
.###......# ..
.........# #o
####### #.# #.
#.....# #g#
#.##.###.# #$#
#oo@.# #.# ##'##
####.###.# ##g..##
#.....###.....##
##.#.####.......##
##....###.........#
#...)...'.........'
##....###.........#
##.#.# ##.......##
.....# ##.....##


You could see an orc priest and an orc.

Vanquished Creatures
  2 brain worms (Sewer)
  A scorpion (D:4)
  3 bombardier beetles
  Jessica (D:3)
  8 adders
  3 gnolls
  2 ufetubi (D:3)
  A dart slug (D:1)
  2 ribbon worms (D:3)
  5 orcs
  7 ball pythons
  6 endoplasms
  4 giant cockroaches
  10 goblins
  5 hobgoblins
  7 jackals
  8 kobolds
  3 quokkas
  8 bats
  8 frilled lizards
  5 rats
99 creatures vanquished.

Vanquished Creatures (collateral kills)
  2 gnolls (D:4)
  An endoplasm (D:2)
  A frilled lizard (D:1)
4 creatures vanquished.

Vanquished Creatures (others)
  An orc priest (D:3)
  A jackal (D:1)
2 creatures vanquished.

Grand Total: 105 creatures vanquished

Notes
Turn   | Place    | Note
-------+----------+-------------------------------------------
     0 | D:1      | Armakuni the Human Artificer began the quest for the Orb.
     0 | D:1      | Reached XP level 1. HP: 15/15 MP: 1/1
   126 | D:1      | Found a faded altar of an unknown god.
   159 | D:1      | Reached XP level 2. HP: 21/21 MP: 2/2
   311 | D:1      | Reached skill level 4 in Evocations
   411 | D:1      | Reached XP level 3. HP: 16/26 MP: 3/3
   870 | D:2      | Reached skill level 5 in Evocations
   870 | D:2      | Reached XP level 4. HP: 8/32 MP: 4/4
  1106 | D:2      | Found Diffup's Armour Emporium.
  1351 | D:3      | Reached XP level 5. HP: 25/37 MP: 5/5
  1429 | D:3      | Found an opulent altar of Gozag.
  1429 | D:3      | Found a glowing silver altar of Zin.
  1466 | D:3      | Became a worshipper of Gozag Ym Sagoz the Greedy
  1751 | D:3      | Found a glowing drain.
  1755 | Sewer    | Entered a sewer
  1774 | Sewer    | Reached skill level 6 in Evocations
  1889 | Sewer    | Reached XP level 6. HP: 36/43 MP: 4/6
  2100 | Sewer    | Reached skill level 7 in Evocations
  2465 | D:3      | Noticed Jessica
  2477 | D:3      | Killed Jessica
  2485 | D:3      | Identified the +2 glaive "Armakuni's Death" {pain, rPois
                  | rCorr}
  2941 | D:4      | Reached XP level 7. HP: 45/48 MP: 7/7
  2954 | D:4      | Found Igastrau's Weapon Boutique.
  3178 | D:4      | Reached skill level 8 in Evocations
  3260 | D:4      | Killed from afar by an orc priest

Illustrated notes

Levels and vault maps discovered:
D:1:      lemuel_arrival_behind_the_door_small, layout_rooms,
          dreamdust_ecumenical_altar_statues, dreamdust_princess_bridge,
          feat_on_display
D:2:      layout_rooms, serial_shops, nicolae_lakefront_shop,
          minmay_split_cup_small
D:3:      layout_rooms, grunt_temple_overflow_gold_and_silver,
          gup_sewer_entry_spiral, minmay_starry_boxes, uniq_jessica
D:4:      layout_loops_corners, serial_shops, nicolae_inconvenience_store,
          reono_crystal_passage

Skill      XL: |  1  2  3  4  5  6  7 |
---------------+----------------------+-----
Evocations     | 4 5 6 7 8 |  8.1
Fighting       | |  1.0
Armour         | |  2.0
Dodging        | |  1.0
Stealth        | |  1.0

Action                     |  1- 3 |  4- 6 |  7- 9 || total
---------------------------+-------+-------+-------++-------
  Melee: Club              |   132 |    24 |       ||   156
         Mace              |       |    35 |       ||    35
         Flail             |       |   153 |       ||   153
         Glaive            |       |    22 |    24 ||    46
  Evoke: Wand              |    15 |     7 |     1 ||    23
    Use: Potion            |     3 |       |       ||     3
         Scroll            |       |     9 |       ||     9
   Stab: Sleeping          |       |     2 |       ||     2
         Distracted        |       |     1 |       ||     1
 Armour: Leather armour    |   124 |   194 |    25 ||   343
  Dodge: Dodged            |   110 |   150 |    12 ||   272

Table legend: (Time is in decaauts)
 A = Elapsed time spent in this place.
 B = Non-inter-level travel time spent in this place.
 C = Inter-level travel time spent in this place.
 D = Time resting spent in this place.
 E = Time spent auto-exploring this place.
 F = Levels seen in this place.
 G = Mean time per level.
                   A        B        C        D        E       F      G
               +--------+--------+--------+--------+--------+-----+--------+
         Total |   3538 |   3432 |    106 |      3 |   1612 |   5 |  707.6 |
       Dungeon |   2926 |   2820 |    106 |      3 |   1267 |   4 |  731.5 |
         Sewer |    611 |    611 |      0 |      0 |    345 |   1 |  611.0 |
               +--------+--------+--------+--------+--------+-----+--------+

Top non-repeatable levels by time:
     D:3: 1029 daAuts
     D:1: 795 daAuts
   Sewer: 611 daAuts
     D:4: 566 daAuts
     D:2: 535 daAuts
